 Dungeon Crawl Stone Soup version 0.25.0-15-gac7dcb8919 (webtiles) character file.

Game seed: 15478600800932858172

12819 grindst0ne the Fighter (level 12, 0/106 HPs)
             Began as a Human Chaos Knight on June 29, 2020.
             Was a Plaything of Xom.
             Slain by a freezing wraith (6 damage)
             ... led by a death knight
             ... on level 11 of the Dungeon.
             The game lasted 00:23:29 (12413 turns).

grindst0ne the Fighter (Human Chaos Knight)        Turns: 12413, Time: 00:23:30

Health: 0/106      AC: 17    Str: 17    XL:     12   Next: 25%
Magic:  0/16       EV: 17    Int: 12    God:    Xom [......]
Gold:   478        SH:  5    Dex: 12    Spells: 11/11 levels left

rFire    + . .     SeeInvis .   e - +4 spear (vamp)
rCold    . . .     Gourm    .   n - +0 buckler (curse)
rNeg     . . .     Faith    .   H - +2 steam dragon scales
rPois    .         Spirit   +   x - +1 hat
rElec    .         Reflect  .   Q - +2 cloak
rCorr    .         Harm     .   f - +0 pair of gloves
MR       .....                  b - +1 pair of boots {run}
Stlth    +.........             U - amulet of guardian spirit
HPRegen  0.27/turn              w - ring of protection from fire
MPRegen  0.15/turn              O - +4 ring of slaying

@: about to teleport, slowed, very slow
A: claws 1, hooves 1, dopey 1, high mp 1, sense surroundings 1, robust 1,
evolution 1, sturdy frame 1
a: Renounce Religion


You were on level 11 of the Dungeon.
You worshipped Xom.
You were a very special plaything of Xom.
You were not hungry.

You visited 1 branch of the dungeon, and saw 12 of its levels.

You collected 643 gold pieces.
You spent 165 gold pieces at shops.

Inventory:

Hand Weapons
 e - a +4 vampiric spear (weapon)
 s - a +0 war axe
 G - a +2 scimitar of flaming
Missiles
 i - 6 boomerangs (quivered)
 l - a throwing net
 L - 19 poisoned darts
Armour
 b - a +1 pair of boots of running (worn)
 f - a +0 pair of gloves (worn)
 n - a cursed +0 buckler (worn)
 x - a +1 hat (worn)
 H - +2 steam dragon scales (worn)
 Q - a +2 cloak (worn)
 S - a scarf of repulsion
Jewellery
 g - an uncursed ring of ice
 w - a ring of protection from fire (left hand)
 O - a +4 ring of slaying (right hand)
 U - an amulet of guardian spirit (around neck)
 V - the ring "Mamay" {Wiz +Fly MR- Str-4 Dex+9}
   (You took it off Josephine on level 11 of the Dungeon)

   [ring of wizardry]

   It improves your spell success rate.
   It affects your strength (-4).
   It affects your dexterity (+9).
   It affects your resistance to hostile enchantments.
   It lets you fly.
Wands
 h - a wand of clouds (1)
 k - a wand of flame (10)
 D - a wand of acid (2)
 E - a wand of polymorph (11)
 I - a wand of paralysis (25)
 J - a wand of disintegration (37)
Scrolls
 a - a scroll of fear
 d - 2 scrolls of enchant armour {unknown}
 m - 2 scrolls of amnesia
 o - 2 scrolls of magic mapping
 v - 3 scrolls of teleportation
 y - 2 scrolls of fog {unknown}
 z - 4 scrolls of remove curse {unknown}
 B - 2 scrolls of immolation {unknown}
 C - a scroll of enchant weapon
 K - 2 scrolls of noise {unknown}
 M - a scroll of blinking {unknown}
 P - a scroll of identify
Potions
 j - a potion of flight
 p - 3 potions of stabbing
 q - 3 potions of haste {unknown}
 r - a potion of curing
 t - a potion of degeneration {unknown}
 u - 5 potions of brilliance {unknown}
 A - a potion of mutation {unknown}
 F - a potion of might
 R - a potion of berserk rage
Miscellaneous
 N - a phantom mirror
Comestibles
 c - 13 rations
 T - 11 chunks of flesh


   Skills:
 + Level 9.6 Fighting
 + Level 9.6 Axes
 + Level 9.3 Armour
 + Level 9.1 Dodging
 - Level 4.0 Shields
 + Level 3.4 Evocations


You had 11 spell levels left.
You didn't know any spells.
Your spell library contained the following spells:

 Spells                   Type           Power        Failure   Level  Hunger
 Animate Skeleton         Necr           N/A          32%         1    ##.....
 Foxfire                  Conj/Fire      #...         32%         1    ##.....
 Pain                     Necr           #...         32%         1    ##.....
 Sandblast                Erth           #.....       32%         1    ##.....
 Passwall                 Tmut/Erth      #.......     45%         2    ###....
 Conjure Flame            Conj/Fire      #.......     69%         3    ####...
 Inner Flame              Hex/Fire       #.......     69%         3    ####...
 Stone Arrow              Conj/Erth      #.....       69%         3    ####...
 Vampiric Draining        Necr           #.........   69%         3    ####...
 Animate Dead             Necr           N/A          97%         4    #####..
 Petrify                  Tmut/Erth      #.......     97%         4    #####..
 Sticky Flame             Conj/Fire      #.......     97%         4    #####..
 Agony                    Necr           #.......     100%        5    ######.
 Fireball                 Conj/Fire      #.........   100%        5    ######.
 Lee's Rapid Deconstruct  Erth           #.........   100%        5    ######.


Dungeon Overview and Level Annotations

Branches:
Dungeon (12/15)            Temple (0/1) D:6
   Lair: D:8-11         Orc: D:9-12

Altars:
Dithmenos
Elyvilon
Gozag
Makhleb
Qazlal
Ru
Sif Muna
Trog
Vehumet
Xom
Zin

Shops:
D:7 [   D:8 *   D:9 *   D:10 (:(?

Annotations:
D:11 2 transporters, Esekla's ghost, journeyman BaNe


Innate Abilities, Weirdness & Mutations

You have sharp fingernails.
You have large cloven feet.
You are dopey. (Int -2)
You have an increased reservoir of magic. (+10% MP)
You passively map a small area around you.
You are robust. (+10% HP)
You evolve.
Your movements are slightly less encumbered by armour. (ER -2)


Message History

You feel as though you will be slow longer.
Okay, then.
Okay, then.
Okay, then.
Okay, then.
Evoke which item? (* to show all) (? for menu, Esc to quit)
Okay, then.
As you read the scroll of fear, it crumbles to dust.
You assume a fearsome visage.
The freezing wraith is unaffected.
The orc priest looks frightened!
You block the freezing wraith's attack.
The freezing wraith completely misses you.
As you read the scroll of teleportation, it crumbles to dust.
You feel strangely unstable. The freezing wraith misses you.
The freezing wraith hits you.
* * * LOW HITPOINT WARNING * * *
The freezing wraith drains your vigour!
You feel as though you will be slow longer.
The freezing wraith closely misses you. The freezing wraith hits you!
You die...
Xom thinks this is hilarious!

..........# #.........
..........#############.........
................................
....................)........>..
###################.[.c.........
# #)###########. # #.#
###################§########## *
................@W☼...........,
.............................. ,
............................(.
#..................o...#######
#......................##########
................................m
................................≈
##.).###########.................
##...###########.................


You could see a freezing wraith and an orc priest (fleeing).

Vanquished Creatures
  Josephine (D:11)
  Fannar (D:11)
  Erolcha (D:9)
  Erica (D:9)
  A two-headed ogre (D:9)
  A skeletal warrior (D:10)
  2 unseen horrors
  A phantasmal warrior (D:11)
  A cyclops (D:10)
  Maurice (D:9)
  A water nymph (D:11)
  Psyche (D:8)
  Maggie (D:7)
  2 trolls (D:9)
  A vampire (D:10)
  3 wraiths (D:11)
  A hog (shapeshifter) (D:11)
  Grum (D:10)
  2 porcupines (D:11)
  An orc warrior (D:10)
  2 sky beasts
  3 ogres
  A black bear (D:10)
  2 phantoms
  2 wolves (D:10)
  A crocodile (D:11)
  6 centaurs
  3 bullfrogs
  A gnoll sergeant (D:8)
  3 scorpions
  10 killer bees
  4 howler monkeys
  5 wights (D:9)
  4 crimson imps
  A quasit (D:9)
  2 jellies
  Crazy Yiuf (D:2)
  2 orc priests
  2 centaur skeletons
  7 hounds
  7 orc wizards
  3 iguanas
  10 worker ants
  A killer bee zombie (D:9)
  8 adders
  16 gnolls
  4 worms (D:2)
  6 leopard geckos
  25 orcs
  7 giant cockroaches
  9 goblins
  8 hobgoblins
  5 jackals
  A quokka (D:9)
  4 ball pythons
  14 bats
  6 frilled lizards
  13 kobolds
  A quokka skeleton (D:9)
  12 rats
247 creatures vanquished.

Vanquished Creatures (collateral kills)
  A troll (D:9)
  Duvessa (D:5)
  A water moccasin (D:9)
  A porcupine (D:11)
  An orc warrior (D:9)
  2 ogres
  A bullfrog (D:11)
  Dowan (D:5)
  An orc priest (D:9)
  A jelly (D:5)
  An orc wizard (D:9)
  An adder (D:11)
  A shadow imp (D:9)
14 creatures vanquished.

Vanquished Creatures (others)
  A dancing weapon (D:11)
  A bush (D:1)
  39 fungi (D:11)
  18 plants (D:11)
59 creatures vanquished.

Grand Total: 320 creatures vanquished

Notes
Turn   | Place    | Note
-------+----------+-------------------------------------------
     0 | D:1      | grindst0ne the Human Chaos Knight began the quest for the
                  | Orb.
     0 | D:1      | Reached XP level 1. HP: 18/18 MP: 1/1
   105 | D:1      | XOM: potion effect (invisibility)
   234 | D:1      | Reached XP level 2. HP: 21/24 MP: 2/2
   926 | D:1      | XOM: divination: magic mapping
  1000 | D:2      | Noticed a crimson imp
  1000 | D:2      | XOM: silly message
  1013 | D:2      | XOM: potion effect (haste)
  1014 | D:2      | Killed a crimson imp
  1014 | D:2      | Reached XP level 3. HP: 28/29 MP: 3/3
  1014 | D:2      | Reached XP level 4. HP: 34/35 MP: 4/4
  1457 | D:2      | XOM: divination: magic mapping
  1532 | D:2      | XOM: summons 4 hostile shadow creatures
  1642 | D:2      | XOM: silly message
  1683 | D:2      | XOM: summons 3 hostile shadow creatures
  1797 | D:2      | Found a radiant altar of Vehumet.
  2027 | D:2      | Reached XP level 5. HP: 37/42 MP: 5/5
  2115 | D:2      | Found a runed translucent door.
  2116 | D:2      | Noticed Crazy Yiuf
  2188 | D:2      | XOM: summons 3 hostile demons
  2571 | D:2      | Killed Crazy Yiuf
  2889 | D:3      | XOM: polymorph gnoll -> goblin
  3047 | D:3      | XOM: destruction
  3050 | D:3      | Reached skill level 1 in Shields
  3050 | D:3      | Reached XP level 6. HP: 48/48 MP: 6/6
  3149 | D:3      | XOM: cloud trail
  3156 | D:2      | Found a bloodstained altar of Trog.
  3273 | D:3      | Found a glowing silver altar of Zin.
  3460 | D:3      | XOM: give mutations
  3460 | D:3      | Gained mutation: You are robust. (+10% HP) [Xom's grace]
  3460 | D:3      | Gained mutation: You evolve. [Xom's grace]
  3496 | D:3      | Found a stormy altar of Qazlal.
  3617 | D:4      | XOM: noise
  3737 | D:4      | XOM: divination: detect creatures
  3741 | D:4      | Noticed a phantom
  3742 | D:4      | XOM: cleaving
  3769 | D:4      | Killed a phantom
  4031 | D:4      | XOM: smoke on damage
  4044 | D:4      | Reached XP level 7. HP: 17/60 MP: 7/7
  4583 | D:5      | Entered Level 5 of the Dungeon
  4714 | D:4      | XOM: divination: magic mapping
  4719 | D:4      | Noticed a shapeshifter
  4719 | D:4      | an ice beast changed into a shapeshifter
  4719 | D:4      | XOM: polymorph ice beast -> shapeshifter
  4719 | D:4      | Noticed a fire crab
  4719 | D:4      | a shapeshifter changed into a fire crab
  4723 | D:4      | XOM: enchant monster (bad)
  4745 | D:5      | Found a shadowy altar of Dithmenos.
  4750 | D:5      | XOM: chaos cloud
  4979 | D:5      | XOM: swap monsters
  4997 | D:5      | XOM: fog
  5002 | D:5      | Reached XP level 8. HP: 60/67 MP: 8/8
  5075 | D:5      | XOM: confuse monster(s)
  5078 | D:5      | Noticed Duvessa
  5079 | D:5      | XOM: summons 8 friendly demons
  5085 | D:5      | Noticed Dowan
  5094 | D:5      | Killed Duvessa
  5094 | D:5      | Reached skill level 5 in Fighting
  5097 | D:5      | Killed Dowan
  5097 | D:5      | Reached skill level 5 in Axes
  5119 | D:5      | Found a white marble altar of Elyvilon.
  5347 | D:5      | XOM: stat loss: -1 Dex (11/12)
  5499 | D:6      | Found a staircase to the Ecumenical Temple.
  5521 | D:6      | XOM: summons friendly white imp
  5640 | D:6      | XOM: silly message
  5796 | D:6      | Gained mutation: You rapidly evolve. [evolution]
  6199 | D:6      | XOM: give mutations
  6199 | D:6      | Gained mutation: You have large cloven feet. [Xom's grace]
  6199 | D:6      | Gained mutation: You passively map a small area around you.
                  | [Xom's grace]
  6199 | D:6      | Gained mutation: You have an increased reservoir of magic.
                  | (+10% MP) [Xom's grace]
  6199 | D:6      | Gained mutation: You expend magic power (3 MP) to
                  | strengthen your wands. [Xom's grace]
  6393 | D:7      | Gained mutation: You are dopey. (Int -2) [evolution]
  6407 | D:7      | Found Toavvano's Antique Armour Emporium.
  6413 | D:7      | Bought a pair of glowing boots for 165 gold pieces
  6418 | D:7      | Identified a +1 pair of boots of running (You bought it in
                  | a shop on level 7 of the Dungeon)
  6445 | D:7      | Found an opulent altar of Gozag.
  6550 | D:7      | XOM: blink monster(s)
  6553 | D:7      | Reached skill level 5 in Armour
  6557 | D:7      | Reached XP level 9. HP: 75/75 MP: 9/9
  6749 | D:7      | XOM: 2-stop teleportation journey
  6755 | D:7      | Noticed Maggie
  6773 | D:7      | XOM: scenery: create altars
  6775 | D:7      | XOM: confuse monster(s)
  6809 | D:7      | Killed Maggie
  6809 | D:7      | Reached skill level 5 in Dodging
  6859 | D:7      | XOM: summons friendly shadow imp
  7468 | D:8      | Found a burning altar of Makhleb.
  7642 | D:8      | XOM: destruction
  7653 | D:8      | Found Cipor's General Store.
  7734 | D:8      | XOM: scenery: create altars
  7753 | D:8      | Gained mutation: You have sharp fingernails. [evolution]
  8058 | D:9      | Noticed a troll
  8064 | D:9      | XOM: potion effect (haste)
  8076 | D:9      | XOM: summons 7 friendly demons
  8083 | D:9      | Killed a troll
  8089 | D:9      | Reached XP level 10. HP: 52/84 MP: 11/11
  8145 | D:9      | Noticed Psyche
  8374 | D:8      | XOM: potion effect (might)
  8377 | D:8      | XOM: silly message
  8396 | D:8      | Killed Psyche
  8576 | D:9      | Noticed a two-headed ogre
  8590 | D:9      | XOM: silly message
  8594 | D:9      | Killed a two-headed ogre
  8633 | D:9      | XOM: god gift: phantom mirror
  8697 | D:9      | Noticed Erica
  8715 | D:9      | Killed Erica
  8731 | D:9      | Found a sacrificial altar of Ru.
  8796 | D:9      | Found a shimmering blue altar of Sif Muna.
  8845 | D:9      | XOM: silly message
  8893 | D:9      | Found Rumeox's General Store.
  8943 | D:9      | Noticed Erolcha
  8961 | D:9      | Killed Erolcha
  8961 | D:9      | Reached XP level 11. HP: 94/94 MP: 9/12
  8998 | D:9      | XOM: summons friendly ufetubus
  9038 | D:9      | XOM: chaos upgrade
  9040 | D:9      | XOM: noise
  9043 | D:9      | XOM: confuse monster(s)
  9056 | D:9      | XOM: 1-stop teleportation journey
  9059 | D:9      | XOM: noise
  9071 | D:9      | Noticed Maurice
  9079 | D:9      | Killed Maurice
  9294 | D:9      | Lost mutation: You rapidly evolve. [decline of evolution]
  9318 | D:9      | XOM: 3-stop teleportation journey
  9514 | D:10     | Entered Level 10 of the Dungeon
  9610 | D:10     | Found Yfreijuu's Weapon Emporium.
  9660 | D:10     | XOM: divination: detect items
  9720 | D:10     | Found Hitif's Magic Scroll Shop.
  9800 | D:10     | Found Xiyffet's Book Boutique.
  9806 | D:10     | Noticed Grum
  9806 | D:10     | Noticed a cyclops
  9814 | D:10     | XOM: summons friendly quasit
  9815 | D:10     | XOM: enchant monster (bad)
  9831 | D:10     | XOM: confuse monster(s)
  9836 | D:10     | Killed Grum
  9853 | D:10     | Killed a cyclops
  9911 | D:10     | XOM: give mutations
  9911 | D:10     | Lost mutation: You expend magic power (3 MP) to strengthen
                  | your wands. [Xom's mischief]
 10239 | D:10     | Found Kerphy Gois's Antique Weapon Boutique.
 10464 | D:10     | Killed an unseen horror
 10464 | D:10     | Reached skill level 1 in Evocations
 10741 | D:11     | Noticed Fannar
 10745 | D:11     | XOM: 3-stop teleportation journey
 10989 | D:11     | Noticed a death knight
 10989 | D:11     | Noticed a phantasmal warrior
 10989 | D:11     | Noticed a skeletal warrior
 10990 | D:11     | XOM: summons friendly crimson imp
 10998 | D:10     | XOM: enchant monster (good)
 11002 | D:10     | XOM: summons 5 friendly demons
 11052 | D:10     | XOM: scenery: create altars
 11060 | D:10     | Killed a skeletal warrior
 11281 | D:11     | Killed a phantasmal warrior
 11281 | D:11     | a death knight changed into a water nymph
 11281 | D:11     | XOM: polymorph death knight -> water nymph
 11488 | D:11     | XOM: cleaving
 11498 | D:11     | XOM: summons 6 friendly demons
 11840 | D:11     | XOM: scenery: create altars
 11904 | D:11     | Killed an unseen horror
 11919 | D:11     | Gained mutation: Your movements are slightly less
                  | encumbered by armour. (ER -2) [evolution]
 12205 | D:11     | Found a transporter.
 12220 | D:11     | XOM: scenery: create altars
 12222 | D:11     | Found a transporter.
 12222 | D:11     | Noticed Esekla's ghost (journeyman BaNe)
 12224 | D:11     | Identified the +8 great mace "Porann" {freeze, +Inv Str+2}
 12224 | D:11     | Identified the +7 great mace "Ywunies" {flame, +Inv rElec
                  | Int+6}
 12224 | D:11     | Noticed a two-headed ogre
 12224 | D:11     | Noticed a two-headed ogre
 12235 | D:11     | Identified the ring "Mamay" {Wiz +Fly MR- Str-4 Dex+9}
 12235 | D:11     | Noticed Josephine
 12243 | D:11     | XOM: polymorph porcupine -> shapeshifter
 12262 | D:11     | Killed Josephine
 12262 | D:11     | Reached XP level 12. HP: 105/105 MP: 15/15
 12278 | D:11     | XOM: cleaving
 12291 | D:11     | XOM: enchant monster (bad)
 12317 | D:11     | XOM: noise
 12373 | D:11     | Killed Fannar
 12402 | D:11     | XOM: smoke on damage
 12413 | D:11     | Slain by a freezing wraith

Illustrated notes

Levels and vault maps discovered:
D:1:      eino_arrival_water_star, layout_loops_ring, minmay_hedge_maze,
          hangedman_glass_teeth, st_stairs_9
D:2:      lemuel_upstairs_altar, layout_loops_corners, vehumet_crystals,
          uniq_crazy_yiuf_cottage
D:3:      layout_basic, old_standard_altar, old_standard_altar
D:4:      layout_loops_ring
D:5:      layout_basic, lemuel_crystal_altar, nicolae_overflow_crystal_walls,
          first_ration, uniq_duvessa
D:6:      layout_basic, minmay_temple_entry_tees
D:7:      layout_basic, grunt_gozag_statues, serial_shops, shop_fountains,
          uniq_maggie
D:8:      layout_loops_ring, lemuel_crystal_altar, serial_shops,
          nicolae_shop_stone
D:9:      layout_rooms, nicolae_ru_great_annihilating_truth, lemuel_round_altar,
          serial_shops, shop, uniq_erolcha, uniq_erica, uniq_psyche,
          uniq_maurice
D:10:     layout_loops_corners, serial_shops, shop, kennysheep_little_box, shop,
          shop, uniq_grum
D:11:     layout_long_grid, due_lair_maze_entry_diamond, gammafunk_ghost_smash,
          minmay_misc_feat_columns, uniq_fannar, uniq_josephine
D:12:     layout_basic, hiddenorc2_lemuel, uniq_nergalle

Skill      XL: |  1  2  3  4  5  6  7  8  9 10 11 12 |
---------------+-------------------------------------+-----
Dodging        | 2 3 4 6 7 8 9 |  9.1
Armour         | 3 4 5 6 7 9 |  9.3
Axes           | 4 5 6 8 9 |  9.6
Shields        | 1 2 3 4 |  4.0
Fighting       | 4 5 6 8 9 |  9.6
Evocations     | 2 3 |  3.4

Action                   |  1- 3 |  4- 6 |  7- 9 | 10-12 || total
-------------------------+-------+-------+-------+-------++-------
Melee: Hand axe          |    62 |   149 |       |       ||   211
       War axe           |       |    16 |       |       ||    16
       Spear             |       |   110 |   427 |   556 ||  1093
       Kick              |       |       |     4 |       ||     4
Throw: Boomerang         |       |     6 |     2 |       ||     8
Evoke: Wand              |       |       |     1 |    14 ||    15
  Use: Potion            |       |     4 |     2 |     4 ||    10
       Scroll            |       |     5 |     5 |     4 ||    14
 Stab: Invisible         |     1 |       |       |     1 ||     2
       Petrified         |     3 |     4 |       |       ||     7
       Petrifying        |     1 |       |       |       ||     1
       Paralysed         |       |     2 |       |    11 ||    13
       Sleeping          |       |     1 |       |     1 ||     2
       Distracted        |       |       |     1 |     2 ||     3
       Confused          |       |       |     3 |     5 ||     8
  Eat: Chunk             |       |    10 |    12 |    12 ||    34
       Ration            |       |       |       |     1 ||     1
Armor: Leather armour    |    26 |    81 |    53 |       ||   160
       Skin              |       |     4 |       |       ||     4
       Chain mail        |       |       |    31 |       ||    31
       Steam dragon scal |       |       |    38 |   210 ||   248
Dodge: Dodged            |    47 |   158 |   195 |   306 ||   706
Block: Buckler           |       |    18 |    86 |   108 ||   212
